 Dungeon Crawl Stone Soup version 0.19-a0-926-g4486784 (webtiles) character file.

1389 Lessnames the Insei (level 8, -11/67 HPs)
             Began as a Demigod Fighter on July 6, 2016.
             Mangled by an ogre
             ... wielding a +0 giant spiked club
              (15 damage)
             ... on level 6 of the Dungeon.
             The game lasted 00:15:23 (6108 turns).

Lessnames the Insei (Demigod Fighter)               Turns: 6108, Time: 00:15:24

Health: -11/67     AC: 12    Str: 19    XL:     8   Next: 17%
Magic:  13/13      EV:  6    Int: 12    God:
Gold:   343        SH: 11    Dex: 19    Spells: 1 memorised, 6 levels left

rFire  . . .     SeeInvis .     a - +4 dagger (elec)
rCold  . . .     Gourm    .     f - +0 storm dragon armour
rNeg   . . .     Faith    .     b - +1 shield
rPois  .         Spirit   .     (no helmet)
rElec  +         Dismiss  .     (no cloak)
rCorr  .         Reflect  .     (no gloves)
SustAt +         Harm     .     c - +0 pair of boots
MR     .....                    (no amulet)
Stlth  ..........               (no ring)
                                (no ring)

@: drained, not resistant to hostile enchantments, extremely unstealthy
A: high mp 1, sustain attributes
a: no special abilities


You were on level 6 of the Dungeon.
You were not hungry.

You visited 1 branch of the dungeon, and saw 6 of its levels.
You also visited: Sewer.

You collected 343 gold pieces.

Inventory:

Hand Weapons
 a - a +4 dagger of electrocution (weapon)
 o - a +1 dagger of venom
Armour
 b - a +1 shield (worn)
 c - a +0 pair of boots (worn)
 f - a +0 storm dragon armour (worn)
Wands
 l - a wand of paralysis (3/24)
 r - a wand of acid (6/15)
Scrolls
 m - a scroll of enchant armour
 q - a scroll of teleportation
 t - a scroll of blinking
Potions
 e - 6 potions of brilliance {unknown}
 g - a potion of ambrosia {unknown}
 h - 8 potions of heal wounds
 j - a potion of cancellation {unknown}
 k - a potion of beneficial mutation
 n - 2 potions of curing
 p - 5 potions of flight {unknown}
 s - a potion of agility
 v - a potion of berserk rage
Books
 y - a book of Callings

   Spells                             Type                      Level
   a - Summon Small Mammal            Summoning                    1
   b - Call Imp                       Summoning                    2
   c - Call Canine Familiar           Summoning                    3
   d - Summon Guardian Golem          Hexes/Summoning              3
   e - Summon Lightning Spire         Summoning/Air                4
   f - Summon Ice Beast               Ice/Summoning                4
Comestibles
 d - 5 bread rations
 i - a chunk of flesh
 u - 2 meat rations


   Skills:
 * Level 4.6(4.1) Fighting
 + Level 4.3(3.8) Armour
 + Level 1.7(1.2) Dodging
 + Level 4.2(3.7) Shields
 * Level 6.8(6.2) Unarmed Combat
 * Level 1.3(0.8) Spellcasting


You had 6 spell levels left.
You knew the following spells:

 Your Spells              Type           Power        Failure   Level  Hunger
a - Call Canine Familiar  Summ           #.......     100%        3    ####...


Dungeon Overview and Level Annotations

Branches:
Dungeon (6/15)
 Temple: D:4-7


Innate Abilities, Weirdness & Mutations

You have an increased reservoir of magic. (+10% MP)
Your attributes are resistant to harm.


Message History

You hit the quokka.
The quokka is severely wounded.
You block the quokka's attack.
You hit the quokka.
There is a sudden explosion of sparks!
You kill the quokka!
You hit the giant gecko.
You kill the giant gecko!
You hit the ogre but do no damage. The ogre hits you with a giant club!!
You puncture the ogre!
The ogre is moderately wounded.
The ogre hits you with a giant club!!
You hit the ogre but do no damage.
The ogre is moderately wounded.
The ogre hits you with a giant club!!
* * * LOW HITPOINT WARNING * * *
An ogre comes into view. It is wielding a giant spiked club.
The ogre shouts!
You hit the ogre but do no damage.
The ogre hits you with a giant spiked club!
You die...

#.. ..# # #.# #.#####.##.#
#.# ###.#....... #.#
#.#.#.###.#### #.#
#.#.#.#......# #.#
#####.#.#.#.#.##.####.#
#.....#.#...#.##....#.#
...............O..#.#.####
...............#@........#
..#..##.#####..#O..#..##.#
......#.# # #..#...#..##.#
......#'# #.####.#.#..##.#
#........ #........#.....#
#........ #.#......#.....#
#.###....# ###.####.##.##
#.. ...)' #.......#.# #.
######..#.#


You could see 2 ogres.

Vanquished Creatures
  Edmund (D:5)
  An orc warrior (D:4)
  2 ice beasts
  An ogre (D:5)
  A big kobold (Sewer)
  A giant frog (D:5)
  A wyvern skeleton (D:6)
  A scorpion (D:4)
  2 crimson imps (D:6)
  A hound (D:4)
  A jelly (D:5)
  2 orc priests
  An orc wizard (D:6)
  2 iguanas
  5 worker ants
  A hound zombie (D:4)
  7 adders
  A gnoll (D:5)
  3 river rats (Sewer)
  A shadow imp (D:5)
  2 oozes
  An adder skeleton (D:6)
  3 worms
  A dart slug (D:2)
  10 giant geckos
  9 orcs
  4 ball pythons
  12 giant cockroaches
  6 goblins
  5 hobgoblins
  8 jackals
  4 quokkas
  A ball python zombie (D:5)
  7 bats
  3 giant newts
  21 kobolds
  27 rats
160 creatures vanquished.

Notes
Turn   | Place    | Note
-------+----------+-------------------------------------------
     0 | D:1      | Lessnames the Demigod Fighter began the quest for the Orb.
     0 | D:1      | Reached XP level 1. HP: 18/18 MP: 3/3
    81 | D:1      | Reached skill level 2 in Unarmed Combat
   218 | D:1      | Reached XP level 2. HP: 22/25 MP: 4/4
   362 | D:1      | Reached skill level 3 in Unarmed Combat
   405 | D:1      | You fall through a shaft!
   483 | D:2      | Reached XP level 3. HP: 18/30 MP: 5/5
  1832 | D:3      | Found a faded altar of an unknown god.
  1860 | D:3      | Reached skill level 4 in Unarmed Combat
  2027 | D:3      | Reached XP level 4. HP: 37/37 MP: 6/6
  2047 | D:3      | Found a glowing drain.
  2078 | Sewer    | Entered a sewer
  2104 | Sewer    | Noticed a big kobold
  2128 | Sewer    | Killed a big kobold
  2128 | Sewer    | Reached skill level 5 in Unarmed Combat
  2128 | Sewer    | Reached XP level 5. HP: 37/42 MP: 7/7
  3436 | D:4      | Found a snail-covered altar of Cheibriados.
  3448 | D:4      | Reached XP level 6. HP: 51/51 MP: 8/8
  3640 | D:4      | Reached skill level 6 in Unarmed Combat
  3817 | D:4      | Reached skill level 1 in Dodging
  3911 | D:5      | Entered Level 5 of the Dungeon
  3937 | D:5      | Found an oddly glowing altar of Pakellas.
  4093 | D:5      | Reached XP level 7. HP: 31/57 MP: 9/9
  4534 | D:5      | Noticed Edmund
  4545 | D:5      | Killed Edmund
  5542 | D:6      | Learned a level 3 spell: Call Canine Familiar
  5841 | D:6      | Reached skill level 1 in Spellcasting
  5841 | D:6      | Reached XP level 8. HP: 50/67 MP: 10/12
  5851 | D:6      | Got a transparent spear
  5854 | D:6      | Identified the +3 spear "Amefosan" {pain, +Blink Dex+4} (You found it on level 6 of the Dungeon)
  6093 | D:6      | HP: 1/67 [ogre/giant club (26)]
  6108 | D:6      | Mangled by an ogre

Vault maps used:
D:1:      onia_arrival_pentagram
D:2:      minmay_misc_feat_enclosed, minmay_distorted
D:3:      ecumenical_altar_1, gup_sewer_entry_pipe
D:4:      overflow_temple_1_default, first_bread
D:5:      grunt_pakellas_sulfur, uniq_edmund
D:6:      kennysheep_crisscross
Sewer:    sewer_minmay_treatment

Skill      XL: |  1  2  3  4  5  6  7 |
---------------+----------------------+-----
Unarmed Combat | 2 3 4 5 6 |  6.8
Fighting       | 3 4 |  4.6
Shields        | 3 4 |  4.2
Armour         | 3 4 |  4.3
Dodging        | 1 |  1.7
Spellcasting   | 1 |  1.3

Action                   |  1- 3 |  4- 6 |  7- 9 || total
-------------------------+-------+-------+-------++-------
Melee: Unarmed           |   244 |    46 |       ||   290
       Dagger            |       |   220 |   131 ||   351
  Use: Scroll            |     7 |     8 |     4 ||    19
       Potion            |     1 |     1 |       ||     2
  Eat: Chunk             |     4 |     7 |     4 ||    15
       Bread ration      |       |       |     1 ||     1
Armor: Scale mail        |    90 |       |       ||    90
       Storm dragon armo |     6 |   133 |    46 ||   185
Dodge: Dodged            |    44 |    63 |    17 ||   124
Block: Shield            |   113 |   155 |    61 ||   329
